 Dungeon Crawl Stone Soup version 0.22-a0-803-gd6d8abe (webtiles) character file.

32 iamserjio the Firebug (level 3, -1/19 HPs)
             Began as a Tengu Fire Elementalist on July 22, 2018.
             Killed by nerve-wracking pain
             ... invoked by Jessica
              (9 damage)
             ... on level 3 of the Dungeon.
             The game lasted 00:03:39 (472 turns).

iamserjio the Firebug (Tengu Fire Elementalist)      Turns: 472, Time: 00:03:40

Health: -1/19      AC:  3    Str:  8    XL:     3   Next: 25%
Magic:  2/7        EV: 12    Int: 16    God:
Gold:   61         SH:  0    Dex: 14    Spells: 5/6 levels left

rFire    . . .     SeeInvis .   l - +0 whip
rCold    . . .     Gourm    .   (no shield)
rNeg     . . .     Faith    .   a - +0 robe
rPois    .         Spirit   .   (helmet restricted)
rElec    .         Reflect  .   (no cloak)
rCorr    .         Harm     .   k - +0 pair of gloves
MR       .....                  (boots unavailable)
Stlth    ++........             (no amulet)
HPRegen  0.06/turn              (no ring)
MPRegen  0.10/turn              (no ring)

@: no status effects
A: beak, talons 3
a: no special abilities


You were on level 3 of the Dungeon.
You were not hungry.

You visited 1 branch of the dungeon, and saw 3 of its levels.

You collected 61 gold pieces.

Inventory:

Hand Weapons
 l - a +0 whip (weapon)
 m - a +0 hunting sling
Missiles
 n - 20 stones (quivered)
Armour
 a - a +0 robe (worn)
 k - a +0 pair of gloves (worn)
Scrolls
 b - a scroll of amnesia {unknown}
 d - a scroll of immolation {unknown}
 f - 2 scrolls of remove curse {unknown}
 h - a scroll of identify {unknown}
 i - a scroll of enchant armour {unknown}
Comestibles
 c - 3 rations
 o - 4 chunks of flesh


   Skills:
 - Level 2.1 Dodging
 - Level 2.0 Stealth
 + Level 2.4 Spellcasting
 * Level 3.0 Conjurations
 + Level 3.6 Fire Magic


You had 5 spell levels left.
You knew the following spells:

 Your Spells              Type           Power        Failure   Level  Hunger
a - Flame Tongue          Conj/Fire      ##...        4%          1    #......

Your spell library contained the following spells:

 Spells                   Type           Power        Failure   Level  Hunger
 Fireball                 Conj/Fire      ##........   80%         5    ######.
 Conjure Flame            Conj/Fire      ##......     16%         3    ###....
 Throw Flame              Conj/Fire      ##....       8%          2    ###....
 Sticky Flame             Conj/Fire      ##......     45%         4    #####..
 Inner Flame              Hex/Fire       #.......     28%         3    ###....


Dungeon Overview and Level Annotations

Branches:
Dungeon (3/15)

Altars:
Ashenzari
Fedhas
Gozag
Wu Jian

Annotations:
D:3 Jessica


Innate Abilities, Weirdness & Mutations

You have a beak for a mouth.
You have claws for feet.


Message History

* * * LOW HITPOINT WARNING * * *
It was a potion of curing.
You feel better. The hobgoblin barely misses you. Jessica hits you.
It was a potion of cancellation.
Your magical effects are unravelling.
You feel magically purged.
You feel yourself slow down. Jessica casts a spell at you.
Pain shoots through your body!
Casting: Flame Tongue (safe; 4% risk of failure)
Confirm with . or Enter, or press ? or * to list all spells.
Aiming: Flame Tongue (safe; 4% risk of failure)
Press: ? - help, Shift-Dir - straight line, f - Jessica, p - hobgoblin
Aim: Jessica, wearing a robe (fast)
The flame tongue hits Jessica.
Jessica is almost dead.
The hobgoblin closely misses you. Jessica gestures at you while chanting.
Pain shoots through your body!
You die...

#........#
#........#
#........#####
...........รท..#
#...####.####.#
...##.....##.#
.. #.......#.#
.#.......#.#
..[.._g@...#
.#....@..#.#
#.......#..#
##.....##..#
###.####..# ...
...# .... ...#
#### ####


You could see Jessica and a hobgoblin.

Vanquished Creatures
  An adder (D:3)
  An ooze (D:2)
  2 worms (D:3)
  A leopard gecko (D:3)
  A bat (D:2)
  A hobgoblin (D:3)
  2 jackals (D:1)
  A frilled lizard (D:3)
  A kobold (D:1)
  3 rats
14 creatures vanquished.

Notes
Turn   | Place    | Note
-------+----------+-------------------------------------------
     0 | D:1      | iamserjio the Tengu Fire Elementalist began the quest for the Orb.
     0 | D:1      | Reached XP level 1. HP: 10/10 MP: 4/4
   213 | D:2      | Reached XP level 2. HP: 8/15 MP: 1/6
   249 | D:2      | Found an opulent altar of Gozag.
   249 | D:2      | Found an ornate altar of the Wu Jian Council.
   250 | D:2      | Found a shattered altar of Ashenzari.
   327 | D:3      | Found a faded altar of an unknown god.
   372 | D:3      | Reached XP level 3. HP: 13/19 MP: 0/7
   443 | D:3      | Found a blossoming altar of Fedhas.
   465 | D:3      | Noticed Jessica
   472 | D:3      | Killed from afar by Jessica

Vault maps used:
D:1:      minmay_arrival_four_houses
D:2:      gammafunk_temple_overflow_forgotten
D:3:      kiku_gazebo_garden_becter, old_standard_altar, serial_corexii_hall,
          corexii_hall_statues_u, corexii_hall_statues_l,
          corexii_hall_statues_u, chequers_ecumenical_altar_simple_redux,
          uniq_jessica

Skill      XL: |  1  2  3 |
---------------+----------+-----
Conjurations   | 2 3 |  3.0
Dodging        | |  2.1
Stealth        | |  2.0
Spellcasting   | |  2.4
Fire Magic     | |  3.6

Action                   || total
-------------------------++-------
Melee: Unarmed           ||    11
       Kick              ||     4
       Peck              ||     2
       Whip              ||     5
 Cast: Flame Tongue      ||    28
  Use: Potion            ||     3
Armor: Robe              ||     3
Dodge: Dodged            ||     9

Table legend:
 A = Spawn XP
 B = Non-spawn XP
 C = Spawn XP percentage of total XP
 D = Spawn monster count
 E = Non-spawn monster count
 F = Spawn count percentage of total count
 G = Total turns spent on level
                    A         B        C        D         E        F      G
               +---------+---------+-------+---------+---------+-------+---------
         Total |       0 |      46 |   0.0 |       0 |      14 |   0.0 |   472
               +---------+---------+-------+---------+---------+-------+---------
           D:1 |       0 |       5 |   0.0 |       0 |       3 |   0.0 |   126
           D:2 |       0 |      11 |   0.0 |       0 |       4 |   0.0 |   201
           D:3 |       0 |      30 |   0.0 |       0 |       7 |   0.0 |   145
               +---------+---------+-------+---------+---------+-------+---------
